 Dungeon Crawl Stone Soup version 0.17-a0-1504-gb7d9117 (webtiles) character file.

81 urechis the Cudgeler (level 4, -7/48 HPs)
             Began as an Ogre Gladiator on July 9, 2015.
             Mangled by urechis's ghost (10 damage)
             ... on level 3 of the Dungeon.
             The game lasted 00:03:11 (2625 turns).

urechis the Cudgeler (Ogre Gladiator)               Turns: 2625, Time: 00:03:12

Health: -7/48      AC:  3    Str: 21    XL:     4   Next: 42%
Magic:  4/4        EV: 10    Int:  7    God:
Gold:   166        SH:  0    Dex: 10    Spells: 0 memorised, 3 levels left

rFire  . . .     SeeInvis .     a - +0 flail
rCold  . . .     Clarity  .     b - +0 robe
rNeg   . . .     SustAt   .     (no shield)
rPois  .         Gourm    .     c - +0 hat
rElec  .         Spirit   .     (no cloak)
rCorr  .         Warding  .     (gloves unavailable)
rMut   .         Stasis   .     (boots unavailable)
MR     .....                    (no amulet)
Stlth  +.........               (no ring)
                                (no ring)

@: not resistant to hostile enchantments, very unstealthy
A: unfitting armour, tough skin 1
a: no special abilities


You were on level 3 of the Dungeon.
You were very hungry.

You visited 1 branch of the dungeon, and saw 3 of its levels.

You collected 166 gold pieces.

Inventory:

Hand weapons
 a - a +0 flail (weapon)
Missiles
 e - 3 throwing nets (quivered)
 h - 20 poisoned needles
Armour
 b - a +0 robe (worn)
 c - a +0 hat (worn)
Scrolls
 j - a scroll of random uselessness {unknown}
 k - a scroll of blinking {unknown}
 m - a scroll of identify {unknown}
 n - 2 scrolls of remove curse {unknown}
 o - a scroll of recharging {unknown}
 p - a scroll of teleportation {unknown}
 r - a scroll of enchant weapon {unknown}
 s - a scroll of immolation {unknown}
Potions
 g - 2 potions of magic {unknown}
 i - a potion of ambrosia {unknown}
 l - 2 potions of invisibility {unknown}
 q - 2 potions of agility {unknown}
 t - a potion of poison {unknown}
Comestibles
 d - a bread ration
 f - 3 meat rations


   Skills:
 + Level 4.0 Fighting
 * Level 5.9 Maces & Flails
 - Level 2.1 Throwing
 - Level 2.6 Dodging


You had 3 spell levels left.
You didn't know any spells.

Dungeon Overview and Level Annotations

Branches:
Dungeon (3/15)

Altars:

Annotations:
D:3 urechis's ghost, average OgGl


Innate Abilities, Weirdness & Mutations

You are too large for most types of armour.
You have tough skin (AC +1).


Message History

You sock urechis's ghost!
Urechis's ghost is lightly damaged.
Urechis's ghost hits you.
You thump urechis's ghost!
Urechis's ghost is moderately damaged.
Urechis's ghost hits you but does no damage.
You sock urechis's ghost!
Urechis's ghost is heavily damaged.
Urechis's ghost hits you!
You hit urechis's ghost but do no damage.
Urechis's ghost is heavily damaged.
Urechis's ghost hits you. Urechis's ghost closely misses you.
You hit urechis's ghost.
Urechis's ghost is heavily damaged.
Urechis's ghost hits you!
* * * LOW HITPOINT WARNING * * *
You barely miss urechis's ghost.
Urechis's ghost is heavily damaged.
Urechis's ghost hits you!
You die...

#.#.#.## #.##.#
#.#.#.# #.##.#
#.#.#.#### #.##.#
.).......#######.##.#
#.#............##.#
####.##########.# #.#
....# #.######...#.#
#.....@W.....#
#..#####...### .....#
.## #####.# # #.# #.#
#.# #.#


You could see urechis's ghost.

Vanquished Creatures
  3 adders
  2 oozes
  An orc (D:3)
  4 goblins
  8 hobgoblins
  5 jackals
  A ball python (D:3)
  8 bats
  2 giant cockroaches
  3 giant newts
  6 kobolds
  3 rats
46 creatures vanquished.

Vanquished Creatures (others)
  A giant cockroach (D:1)
1 creature vanquished.

Grand Total: 47 creatures vanquished

Notes
Turn   | Place    | Note
--------------------------------------------------------------
     0 | D:1      | urechis the Ogre Gladiator began the quest for the Orb.
     0 | D:1      | Reached XP level 1. HP: 22/22 MP: 1/1
    42 | D:1      | Reached XP level 2. HP: 23/29 MP: 2/2
   780 | D:1      | Reached XP level 3. HP: 37/37 MP: 3/3
   814 | D:1      | Reached skill level 5 in Maces & Flails
  2400 | D:3      | Reached XP level 4. HP: 40/48 MP: 4/4
  2614 | D:3      | Noticed urechis's ghost (average OgGl)
  2625 | D:3      | Mangled by urechis's ghost

Vault maps used:
D:1:      dpeg_arrival_tiny_a, lemuel_flame_loot_1
D:2:      minivault_27, minmay_misc_feat_room

Action                   |  1- 3 |  4- 6 || total
-------------------------+-------+-------++-------
Melee: Flail             |   146 |    21 ||   167
 Stab: Sleeping          |     2 |     1 ||     3
  Eat: Chunk             |     2 |       ||     2
       Royal jelly       |     1 |       ||     1
